 Dungeon Crawl Stone Soup version 0.25.1-1-g288607f (webtiles) character file.

Game seed: 5036092409979121033

208728 RonnieColeman the Executioner (level 18, -8/184 (187) HPs)
             Began as a Minotaur Berserker on Sept 15, 2020.
             Was the Champion of Trog.
             Mangled by Aizul (11 damage)
             ... while paralysed
             ... on level 1 of the Snake Pit.
             The game lasted 01:25:13 (30051 turns).

RonnieColeman the Executioner (Minotaur Berserker) Turns: 30051, Time: 01:25:14

HP:   -8/184 (187)  AC: 22    Str: 33    XL:     18   Next: 13%
MP:   0/17          EV:  2    Int:  4    God:    Trog [******]
Gold: 1963          SH:  0    Dex: 23    Spells: 17/17 levels left

rFire    . . .     SeeInvis .   I - +2 executioner's axe (vorpal)
rCold    . . .     Gourm    .   (shield currently unavailable)
rNeg     + + .     Faith    .   M - +4 scale mail of the Crypt {Regen+}
rPois    +         Spirit   +   Y - +2 hat of the Bear Spirit {Spirit, +Rage rN+ MR++}
rElec    .         Reflect  +   V - +1 cloak "Sosufer" {+Blink rN+ Str+7}
rCorr    .         Harm     .   K - +2 pair of gloves {Str+3}
MR       +++..                  b - +2 pair of boots
Stlth    ++........             l - amulet of reflection
HPRegen  0.80/turn              W - ring "Uckepa" {rPois Stlth+}
MPRegen  0.15/turn              n - +6 ring of dexterity

@: paralysed, lethally poisoned (-8 -> -8), fainting
A: retaliatory headbutt, horns 2
}: 1/15 runes: decaying
a: Berserk, Trog's Hand, Brothers in Arms, Renounce Religion, Evoke Blink, Evoke
Berserk Rage


You were on level 1 of the Snake Pit.
You worshipped Trog.
Trog was exalted by your worship.
You were fainting.

You visited 6 branches of the dungeon, and saw 29 of its levels.
You visited 1 bazaar.
You also visited: Bailey and Gauntlet.

You collected 3016 gold pieces.
You spent 1053 gold pieces at shops.

Inventory:

Hand Weapons
 C - a +0 arbalest
 I - a +2 vorpal executioner's axe (weapon)
 Z - a +2 battleaxe of flaming
Missiles
 u - 100 bolts
Armour
 a - a +4 scale mail of cold resistance
 b - a +2 pair of boots (worn)
 K - a +2 pair of gloves of strength (worn)
 M - the +4 scale mail of the Crypt (worn) {Regen+}
   (You bought it in a shop on level 2 of the Orcish Mines)

   It increases your rate of regeneration.
 V - the +1 cloak "Sosufer" (worn) {+Blink rN+ Str+7}
   (You found it in a Gauntlet)

   It affects your strength (+7).
   It protects you from negative energy.
   It lets you blink.
 Y - the +2 hat of the Bear Spirit (worn) {Spirit, +Rage rN+ MR++}
   (You found it in a Gauntlet)

   It protects you from negative energy.
   It affects your resistance to hostile enchantments.
   It lets you go berserk.
Jewellery
 d - an uncursed ring of fire
 l - an amulet of reflection (around neck)
 n - a +6 ring of dexterity (right hand)
 t - an uncursed ring of protection from fire
 A - an uncursed amulet of guardian spirit
 F - an uncursed ring of flight
 G - an uncursed amulet of regeneration
 J - an uncursed ring of protection from cold
 L - an uncursed ring of protection from magic
 Q - the ring "Bodgholie" {*Tele +Blink +Fly Int-2 SInv}
   (You found it on level 5 of the Lair of Beasts)

   [ring of teleportation]

   It may teleport you next to monsters.
   It affects your intelligence (-2).
   It lets you see invisible.
   It lets you fly.
   It lets you blink.
 T - an uncursed ring of ice
 W - the ring "Uckepa" (left hand) {rPois Stlth+}
   (You found it in a Gauntlet)

   [ring of poison resistance]

   It protects you from poison.
   It makes you more stealthy.
 X - an uncursed ring of poison resistance
Wands
 m - a wand of random effects (39)
 r - a wand of acid (11)
 H - a wand of polymorph (9)
 O - a wand of disintegration (36)
Scrolls
 g - 13 scrolls of teleportation
 k - 8 scrolls of identify
 p - a scroll of enchant armour
 q - 5 scrolls of enchant weapon
 s - 2 scrolls of fear
 y - 3 scrolls of summoning
 B - 6 scrolls of fog
 D - 7 scrolls of remove curse
 E - 4 scrolls of magic mapping
 U - a scroll of blinking
Potions
 e - 4 potions of flight
 f - 6 potions of curing
 h - 12 potions of heal wounds
 i - 6 potions of magic
 j - 5 potions of might
 o - 4 potions of haste
 v - 4 potions of brilliance
 w - a potion of berserk rage
 x - 3 potions of mutation
 z - 4 potions of lignification
 N - a potion of ambrosia
 P - a potion of stabbing
 R - a potion of cancellation
 S - a potion of resistance
Comestibles
 c - 36 rations


   Skills:
 * Level 22.7 Fighting
 * Level 22.7 Axes
 + Level 6.7 Crossbows
 - Level 5.0 Armour
 + Level 11.2 Dodging


You had 17 spell levels left.
You didn't know any spells.
Your spell library contained the following spells:

 Spells                   Type           Power        Failure   Level  Hunger
 Animate Skeleton         Necr           N/A          71%         1    ##.....
 Apportation              Tloc           #.....       71%         1    ##.....
 Corona                   Hex            #......      71%         1    ##.....
 Freeze                   Ice            #...         71%         1    ##.....
 Shock                    Conj/Air       #...         71%         1    ##.....
 Summon Small Mammal      Summ           #...         71%         1    ##.....
 Corpse Rot               Necr/Air       N/A          85%         2    ###....
 Confusing Touch          Hex            #.......     97%         3    ####...
 Frozen Ramparts          Ice            #.....       97%         3    ####...
 Gell's Gravitas          Tloc           #.........   97%         3    ####...
 Mephitic Cloud           Conj/Pois/Air  #.......     97%         3    ####...
 Ozocubu's Armour         Chrm/Ice       #.......     97%         3    ####...
 Hailstorm                Conj/Ice       #.......     100%        4    #####..
 Petrify                  Tmut/Erth      #.......     100%        4    #####..
 Summon Ice Beast         Ice/Summ       #.......     100%        4    #####..
 Lightning Bolt           Conj/Air       #.........   100%        5    ######.
 Metabolic Englaciation   Hex/Ice        #.........   100%        5    ######.
 Yara's Violent Unravell  Hex/Tmut       #.........   100%        5    ######.
 Tornado                  Air            #.........   100%        9    #######


Dungeon Overview and Level Annotations

Branches:
Dungeon (15/15)            Temple (1/1) D:7            Lair (6/6) D:9
  Swamp (4/4) Lair:2        Snake (1/4) Lair:2        Slime (0/5) Lair:5
    Orc (2/2) D:10            Elf (0/3) Orc:2        Vaults (0/5) D:13
 Depths (0/5) D:15         Bailey (visited)         Gauntlet (visited)

Altars:
Ashenzari
Cheibriados
Dithmenos
Elyvilon
Fedhas
Gozag
Hepliaklqana
Kikubaaqudgha
Makhleb
Nemelex Xobeh
Okawaru
Qazlal
Ru
Sif Muna
Trog
Uskayaw
Vehumet
Wu Jian
Xom
Yredelemnul
Zin
The Shining One
Jiyva

Shops:
D:7 *   D:9 }   D:11 }(   D:12 *   Orc:2 (:[*

Portals:
Hell: Lair:6

Annotations:
Snake:1 Aizul


Innate Abilities, Weirdness & Mutations

You reflexively headbutt those who attack you in melee.
You have a pair of horns on your head.


Message History

Aizul hits you but does no damage.
You feel sick. Aizul hits you.
* * * LOW HITPOINT WARNING * * *
Aizul says, "I wasn't actually sleeping!"
Aizul casts a spell at you. The bolt of poison hits you. You resist.
* * * LOW HITPOINT WARNING * * *
Aizul hits you!
* * * LOW HITPOINT WARNING * * *
You recover from your berserk rage.
You feel sick. Aizul casts a spell at you.
You can't fall asleep in your current state!
Aizul coils herself and waves her upper body at you.
You resist with almost no effort. Aizul hits you.
* * * LOW HITPOINT WARNING * * *
You feel sick.
Aizul coils and then uncoils.
Aizul hits you!
You die...

*,,,,...#.......................#
,,*,,...##.......?..#*...........
***,*...*#...#......##.##.#......
*,,***,..#........?...#*##.......
******,.............#.#*#........
***,,...............##.#.#.....
*,**,.......)†.)..##..##.......
**,*,,.......))........##......#
**,*,,,..##....#@#............###
*,,,,,,,,*##..##S###....#...###
,,,,,,,,*,,##.*#..#.###.#..##
,,,,,,,,*,,,.#,##...**##.###
,,,,,,,,,**##*,,###.**..##
,,,,,,,,,** **** *.#...*
,,,,,,,,,,** *****...**
,,,,,,,,,,,*****,,,,..#*
,,,,,,,,,,,,,,,,,,,,,,**


You could see Aizul.

Vanquished Creatures
  A bone dragon (Swamp:4)
  Nikola (Swamp:2)
  Jorgrun (Swamp:3)
  Rupert (D:12)
  3 thorn hunters
  Frances (D:14)
  Kirke (D:14)
  2 orc warlords
  A reaper (Gauntlet)
  A very ugly thing (Swamp:1)
  The ghost of cpf86 the Covert, a journeyman VSEn of Ashenzari (Swamp:2)
  A dire elephant (Lair:6)
  A minotaur (Gauntlet)
  A green death (Gauntlet)
  Josephine (D:12)
  Snorg (D:12)
  A yaktaur captain (D:15)
  Harold (D:10)
  2 ghost crabs (Swamp:4)
  12 hydras
  A shambling mangrove (Swamp:1)
  Erolcha (Orc:1)
  4 two-headed ogres
  A dancing weapon (Swamp:2)
  5 centaur warriors
  An anaconda (Snake:1)
  20 alligators
  2 tengu warriors (D:14)
  Urug (D:10)
  An orc high priest (Orc:2)
  A shock serpent (Snake:1)
  4 skeletal warriors (D:12)
  A sixfirhy (Lair:6)
  A death drake (Swamp:4)
  A wizard (Lair:6)
  An unseen horror (D:11)
  2 spriggan druids
  A deep elf archer (D:15)
  2 spectral hydras (Swamp:4)
  Pikel (D:6)
  8 orc knights
  2 mana vipers (Snake:1)
  A phantasmal warrior (Swamp:4)
  A naga ritualist (Snake:1)
  5 swamp dragons
  10 ugly things
  8 orc sorcerers
  A salamander (Snake:1)
  An oklob plant (Lair:1)
  A manticore (D:12)
  5 cyclopes
  2 naga magi (Snake:1)
  Maurice (D:8)
  11 black mambas
  A torpor snail (Lair:6)
  2 orange demons (Lair:6)
  A centaur skeleton (D:14)
  A centaur zombie (D:11)
  12 spiny frogs
  5 gargoyles
  4 kobold demonologists
  5 rime drakes (Lair:6)
  Maggie (D:7)
  6 komodo dragons
  A minotaur zombie (Gauntlet)
  2 ice devils (Lair:6)
  A yaktaur (D:15)
  A freezing wraith (D:14)
  A red devil (Lair:6)
  2 hellwings
  4 hydra zombies (Swamp:4)
  2 polar bears
  8 trolls
  9 tyrant leeches
  5 hornets
  7 alligator zombies (Swamp:4)
  7 hippogriffs
  18 slime creatures
  5 spectral swamp dragons (Swamp:4)
  14 blink frogs
  17 bog bodies
  6 wraiths
  A spriggan (Swamp:3)
  A shadow (D:14)
  49 yaks
  Eustachio (D:6)
  A wyvern (D:9)
  2 hogs (D:14)
  5 basilisks
  16 humans (D:13)
  18 vampire mosquitoes
  3 wargs
  3 hungry ghosts
  11 swamp worms
  13 insubstantial wisps
  5 nagas
  12 water moccasins
  An acid dragon (D:13)
  4 hell hounds (Lair:6)
  10 porcupines
  10 swamp drakes
  5 sky beasts
  30 orc warriors
  2 slaves (D:6)
  4 black bears
  16 ogres
  17 phantoms
  3 swamp dragon zombies (Swamp:4)
  3 ice beasts
  2 eyes of draining
  31 centaurs
  17 wolves
  17 crocodiles
  A bullfrog (shapeshifter) (D:15)
  14 bullfrogs
  4 gnoll sergeants
  4 scorpions
  2 troll zombies (D:10)
  5 killer bees (D:9)
  5 wights (D:12)
  An electric eel (D:11)
  8 crimson imps
  3 quasits
  2 bullfrog zombies
  15 orc priests
  A jelly (D:10)
  2 hounds
  8 bullfrog skeletons
  2 iguanas
  17 orc wizards
  A spectral swamp drake (Swamp:4)
  9 worker ants
  A killer bee zombie (D:9)
  4 ogre zombies (D:10)
  A hound zombie (D:11)
  2 hound skeletons
  Robin (D:2)
  29 gnolls
  10 adders
  3 shadow imps
  12 white imps (D:12)
  An adder zombie (D:6)
  An adder skeleton (D:4)
  A worm (D:3)
  A dart slug (D:5)
  8 leopard geckos
  74 orcs
  2 ball pythons
  4 giant cockroaches
  21 hobgoblins
  4 jackals
  13 kobolds
  A quokka (D:12)
  5 bats
  5 frilled lizards
  20 goblins
  4 hobgoblin zombies (D:10)
  A jackal zombie (D:6)
  A leopard gecko skeleton (D:5)
  2 orc skeletons (D:10)
  13 orc zombies (D:10)
  A quokka skeleton (D:6)
  10 rats
  8 briar patches (Swamp:4)
  2 fungi
  5 plants
980 creatures vanquished.

Vanquished Creatures (others)
  A spriggan (Swamp:3)
  A slave (D:6)
  A crimson imp (D:6)
  An orc wizard (D:7)
  An orc (D:6)
  3 briar patches (Swamp:3)
  7 fungi
  4 plants
19 creatures vanquished.

Grand Total: 999 creatures vanquished

Notes
Turn   | Place    | Note
-------+----------+-------------------------------------------
     0 | D:1      | RonnieColeman the Minotaur Berserker began the quest for
                  | the Orb.
     0 | D:1      | Reached XP level 1. HP: 19/19 MP: 0/0
   390 | D:1      | Reached XP level 2. HP: 27/27 MP: 1/1
   477 | D:1      | Reached ** piety under Trog
  1058 | D:2      | Noticed Robin
  1062 | D:2      | Reached XP level 3. HP: 33/33 MP: 2/2
  1071 | D:2      | Killed Robin
  1648 | D:3      | Reached XP level 4. HP: 41/41 MP: 3/3
  1705 | D:3      | Noticed an ogre
  1712 | D:3      | Killed an ogre
  1712 | D:3      | Reached skill level 5 in Fighting
  1712 | D:3      | Reached skill level 5 in Axes
  1712 | D:3      | Reached XP level 5. HP: 31/48 MP: 4/4
  2615 | D:4      | Reached XP level 6. HP: 56/56 MP: 5/5
  2651 | D:4      | Found a sparkling altar of Nemelex Xobeh.
  3193 | D:5      | Entered Level 5 of the Dungeon
  3295 | D:5      | Reached *** piety under Trog
  3387 | D:5      | Reached XP level 7. HP: 63/63 MP: 6/6
  3640 | D:5      | Reached skill level 5 in Armour
  3643 | D:5      | Reached XP level 8. HP: 73/73 MP: 7/7
  3904 | D:5      | Found a hazy altar of Hepliaklqana.
  3961 | D:5      | Found an opulent altar of Gozag.
  3990 | D:5      | Found a stormy altar of Qazlal.
  4314 | D:6      | Reached skill level 5 in Dodging
  4491 | D:6      | Noticed Pikel
  4502 | D:6      | Killed Pikel
  4728 | D:6      | Noticed Eustachio
  4746 | D:6      | Killed Eustachio
  4746 | D:6      | Reached XP level 9. HP: 78/83 MP: 8/8
  5049 | D:6      | Reached **** piety under Trog
  5122 | D:6      | Reached skill level 10 in Fighting
  5122 | D:6      | Reached skill level 10 in Axes
  5565 | D:7      | Found a flagged portal.
  5592 | Bailey   | Entered a bailey
  5780 | Bailey   | Noticed an orc knight
  5796 | Bailey   | Killed an orc knight
  5797 | Bailey   | Reached ***** piety under Trog
  6307 | D:7      | Found a staircase to the Ecumenical Temple.
  6504 | Temple   | Entered the Ecumenical Temple
  6833 | D:7      | Noticed Maggie
  6840 | D:7      | Killed Maggie
  6840 | D:7      | Reached XP level 10. HP: 95/95 MP: 9/9
  6998 | D:7      | Found Oggeudop's General Store.
  7010 | D:7      | Bought a +2 pair of gloves for 231 gold pieces
  7112 | D:7      | Found a radiant altar of Vehumet.
  7112 | D:7      | Found a sparkling altar of Nemelex Xobeh.
  7841 | D:8      | Noticed Maurice
  7911 | D:8      | Killed Maurice
  8167 | D:8      | Found a white marble altar of Elyvilon.
  8516 | D:9      | You fall into a shaft and drop 1 floor!
  8516 | D:10     | Entered Level 10 of the Dungeon
  8602 | D:9      | Found a bloodstained altar of Trog.
  8720 | D:9      | Found a staircase to the Lair.
  9059 | D:9      | Noticed a sixfirhy
  9063 | D:9      | Noticed a sun demon
  9064 | D:9      | Noticed a rust devil
  9185 | D:9      | Found Odiacwot's Gadget Shop.
  9336 | D:9      | Found a bloodstained altar of Trog.
  9497 | Lair:1   | Entered Level 1 of the Lair of Beasts
  9621 | Lair:1   | Found a glowing golden altar of the Shining One.
  9633 | Lair:1   | Reached XP level 11. HP: 55/106 MP: 10/10
 10069 | Lair:1   | Noticed an oklob plant
 10084 | Lair:1   | Killed an oklob plant
 10149 | Lair:1   | Noticed a five-headed hydra
 10158 | Lair:1   | Killed a ten-headed hydra
 10714 | Lair:2   | Found a staircase to the Snake Pit.
 10727 | Lair:2   | Received a gift from Trog
 11234 | Lair:2   | Found a staircase to the Swamp.
 11289 | Lair:2   | You fall into a shaft and drop 2 floors!
 11589 | Lair:4   | Reached XP level 12. HP: 98/118 MP: 3/11
 11603 | Lair:4   | Reached skill level 15 in Axes
 11684 | Lair:4   | Reached skill level 15 in Fighting
 12002 | Lair:4   | You fall into a shaft and drop 1 floor!
 14215 | Lair:5   | Got a faintly glowing golden ring
 14346 | Lair:6   | Entered Level 6 of the Lair of Beasts
 14458 | Lair:5   | Found a viscous altar of Jiyva.
 14459 | Lair:5   | Found a staircase to the Slime Pits.
 14793 | Lair:5   | Identified the ring "Bodgholie" {*Tele +Blink +Fly Int-2
                  | SInv} (You found it on level 5 of the Lair of Beasts)
 15322 | Lair:6   | Got a brightly glowing lapis lazuli ring
 15324 | Lair:6   | Identified the ring "Atrokk" {*Tele rF+ Str+2 Dex+4} (You
                  | found it on level 6 of the Lair of Beasts)
 15559 | Lair:6   | Noticed a seven-headed hydra
 15569 | Lair:6   | Killed an 11-headed hydra
 15569 | Lair:6   | Reached XP level 13. HP: 130/130 MP: 4/12
 15604 | Lair:6   | Reached ****** piety under Trog
 15604 | Lair:6   | Received a gift from Trog
 15607 | Lair:6   | Got a buzzing quarterstaff {god gift}
 15961 | Lair:6   | Identified the +9 quarterstaff of Fee Simple {vorpal, rN+
                  | Stlth+} (Trog gifted it to you on level 6 of the Lair of
                  | Beasts)
 16376 | Lair:6   | Noticed a dire elephant
 16385 | Lair:6   | Killed a dire elephant
 16583 | Lair:6   | Found a burning altar of Makhleb.
 16644 | Lair:6   | HP: 6/133 [poisoned by an orange demon]
 16853 | Lair:6   | Found a gateway to Hell.
 17538 | Lair:1   | Reached XP level 14. HP: 143/143 MP: 4/13
 17539 | Lair:1   | Reached XP level 15. HP: 150/150 MP: 4/14
 17626 | D:10     | Noticed Urug
 17638 | D:10     | Killed Urug
 17703 | D:10     | Found a staircase to the Orcish Mines.
 18330 | Orc:1    | Entered Level 1 of the Orcish Mines
 18333 | Orc:1    | Noticed Harold
 18372 | D:10     | Killed Harold
 18406 | Orc:1    | Paralysed by an orc sorcerer for 6 turns
 18772 | Orc:2    | Entered Level 2 of the Orcish Mines
 18772 | Orc:2    | Found Usmues's Antique Weapon Boutique.
 18786 | Orc:2    | Received a gift from Trog
 18996 | Orc:2    | Found Dyol's Antique Armour Emporium.
 19055 | Orc:2    | Bought a spiked scale mail for 270 gold pieces
 19065 | Orc:2    | Identified the +4 scale mail of the Crypt {Regen+} (You
                  | bought it in a shop on level 2 of the Orcish Mines)
 19086 | Orc:2    | Found a staircase to the Elven Halls.
 19113 | Orc:2    | Noticed an orc warlord
 19115 | Orc:2    | Found Keewotyr's General Store.
 19131 | Orc:2    | Killed an orc warlord
 19194 | Orc:1    | Noticed Erolcha
 19194 | Orc:1    | Noticed an orc warlord
 19202 | Orc:1    | Killed Erolcha
 19212 | Orc:1    | Killed an orc warlord
 19538 | Orc:1    | Received a gift from Trog
 19967 | Orc:2    | Found Jokla's Book Shoppe.
 20433 | D:11     | Found Ysikkoc's Antique Weapon Emporium.
 20767 | D:11     | Reached XP level 16. HP: 162/162 MP: 15/15
 20802 | D:11     | Found Imus's Gadget Shop.
 21209 | D:12     | Noticed Rupert
 21219 | D:12     | Noticed Josephine
 21220 | D:12     | Killed Rupert
 21228 | D:12     | Killed Josephine
 21388 | D:12     | Found Tosm's General Store.
 21396 | D:12     | Bought a potion of heal wounds for 75 gold pieces
 21409 | D:12     | Noticed Snorg
 21417 | D:12     | Killed Snorg
 22125 | D:12     | Received a gift from Trog
 22381 | D:13     | Found a gate to the Vaults.
 22734 | D:13     | Found a gate leading to a gauntlet.
 22743 | Gauntlet | Entered a Gauntlet
 22743 | Gauntlet | Found a transporter.
 22753 | Gauntlet | Found a transporter.
 22761 | Gauntlet | Found a transporter.
 22761 | Gauntlet | Found a transporter.
 22765 | Gauntlet | Got a coiled bone ring
 22798 | Gauntlet | Found a transporter.
 22799 | Gauntlet | Found the +2 hat of the Bear Spirit {Spirit, +Rage rN+
                  | MR++}
 22841 | Gauntlet | Got a steaming cloak
 22852 | Gauntlet | Identified the +1 cloak "Sosufer" {+Blink rN+ Str+7} (You
                  | found it in a Gauntlet)
 22862 | Gauntlet | Identified the ring "Uckepa" {rPois Stlth+} (You found it
                  | in a Gauntlet)
 22988 | Gauntlet | Identified Sif Muna's Papyrus of Feathers
 23372 | D:14     | Received a gift from Trog
 23543 | D:14     | Noticed Frances
 23554 | D:14     | Killed Frances
 23808 | D:14     | Noticed Kirke
 23815 | D:14     | Killed Kirke
 23923 | D:14     | Reached skill level 1 in Crossbows
 24258 | D:15     | Entered Level 15 of the Dungeon
 24339 | D:15     | Found an iron altar of Okawaru.
 24752 | D:15     | Found a staircase to the Depths.
 25202 | Swamp:1  | Entered Level 1 of the Swamp
 25396 | Swamp:1  | Reached XP level 17. HP: 165/173 MP: 16/16
 25574 | Swamp:1  | Got a faintly glowing scale mail
 25585 | Swamp:1  | Identified the +5 scale mail of Ufanegg {*Slow rF+ Int+2}
                  | (You found it on level 1 of the Swamp)
 25667 | Swamp:1  | Received a gift from Trog
 26206 | Swamp:2  | Noticed Nikola
 26223 | Swamp:2  | Killed Nikola
 26335 | Swamp:2  | Reached skill level 10 in Dodging
 26602 | Swamp:2  | Found a runed translucent door.
 26603 | Swamp:2  | Noticed cpf86's ghost (journeyman VSEn)
 26604 | Swamp:2  | Found a shimmering altar of Xom.
 26656 | Swamp:2  | Killed cpf86's ghost
 27415 | Swamp:3  | Got a steaming leather armour
 27426 | Swamp:3  | Identified the +0 leather armour "Joreor" {-Tele *Corrode
                  | rC+++ Dex+7} (You found it on level 3 of the Swamp)
 27689 | Swamp:3  | Reached skill level 5 in Crossbows
 27946 | Swamp:3  | Noticed Jorgrun
 27963 | Swamp:3  | Killed Jorgrun
 28231 | Swamp:4  | Entered Level 4 of the Swamp
 28480 | Swamp:4  | Received a gift from Trog
 29000 | Swamp:4  | HP: 13/261 [spectral swamp dragon (3)]
 29004 | Swamp:4  | HP: 4/174 [poison (dark miasma)]
 29418 | Swamp:4  | Received a gift from Trog
 29467 | Swamp:4  | Noticed a bone dragon
 29480 | Swamp:4  | Killed a bone dragon
 29480 | Swamp:4  | Reached XP level 18. HP: 108/186 MP: 9/17
 29487 | Swamp:4  | Got a decaying rune of Zot
 29659 | Snake:1  | Entered Level 1 of the Snake Pit
 29720 | Snake:1  | Found a flickering gateway to a bazaar.
 29725 | Bazaar   | Entered a bazaar
 29743 | Bazaar   | Found Faerass's Magic Scroll Shoppe.
 29743 | Bazaar   | Found Noiteino's Book Emporium.
 29769 | Bazaar   | Found Eruecute's Antique Armour Shoppe.
 29780 | Bazaar   | Bought a pair of runed gloves for 157 gold pieces
 29802 | Bazaar   | Found Qumuil's Antique Armour Emporium.
 29807 | Bazaar   | Bought a pair of runed gloves for 105 gold pieces
 29854 | Bazaar   | Bought a scroll of magic mapping for 35 gold pieces
 29854 | Bazaar   | Bought a scroll of blinking for 75 gold pieces
 29854 | Bazaar   | Bought 3 scrolls of magic mapping for 105 gold pieces
 30021 | Snake:1  | Noticed Aizul
 30032 | Snake:1  | Paralysed by fainting for 10 turns
 30046 | Snake:1  | Paralysed by fainting for 10 turns
 30048 | Snake:1  | HP: 4/184 [Aizul (8)]
 30051 | Snake:1  | Mangled by Aizul

Illustrated notes

Levels and vault maps discovered:
D:1:      nagdon_arrival_double_spiral, layout_basic
D:2:      layout_rooms, uniq_robin
D:3:      layout_basic, hangedman_decor_clover_reticule,
          kennysheep_decorative_pillar
D:4:      layout_cave_pools, nemelex_xobeh_ov_fountains_minmay
D:5:      layout_loops_ring, chequers_temple_overflow_statue_of_worship,
          kennysheep_mini_moat, first_ration, grunt_ministairs_8
D:6:      cheibrodos_barr_body, layout_basic,
          hangedman_abyss_or_decor_jellyfish_corner, grunt_tough_drop,
          uniq_pikel, uniq_eustachio
D:7:      layout_basic, gammafunk_temple_overflow_elements,
          minmay_temple_entry_stoned_glass, serial_shops, shop_coins,
          enter_bailey_3, grunt_ogre_cave, uniq_maggie
D:8:      layout_loops_ring, nrook_campfire, minivault_4,
          minmay_misc_feat_nine_boxes, elyvilon_altar_3, uniq_maurice
D:9:      layout_stronghold, kennysheep_mini, lair_entry_dummy, serial_shops,
          shop_fountains, bloody_trog
D:10:     layout_big_octagon, zombieorc1_lemuel, minmay_fractal_squares_5,
          uniq_urug
D:11:     statuecave_lemuel, layout_loops_ring, serial_shops,
          nicolae_shop_behind_doors, shop
D:12:     layout_basic, portal_ice_cave_entry_imps, serial_shops, shop,
          uniq_rupert, uniq_snorg, uniq_josephine
D:13:     layout_loops_ring, david_vaults_3, gauntlet_entry_generic
D:14:     layout_small_grid, kennysheep_nondescript, uniq_kirke, uniq_frances
D:15:     grunt_enter_depths_snipers, layout_loops_cross, basic_altar,
          minmay_misc_feat_room
Temple:   eino_temple_scatter_basement
Lair:1:   layout_regular_city, lemuel_centaur_altar, minmay_lair_oklob_chamber
Lair:2:   layout_long_grid, skrybe_swamp_entry_bodies,
          minmay_snake_entry_guardpost_small, st_stairs_9, grunt_megastairs_2
Lair:3:   layout_roguey, guppyfry_lair_drakes
Lair:4:   layout_long_grid, beast_lair_carwin_8
Lair:5:   layout_regular_city, slime_altar_1, lookout_lair_type
Lair:6:   evil_forest, layout_big_grid, serial_bayou_crossing
Swamp:1:  layout_falls_marsh, evilmike_swamp_ruin_house_5, swamp_pool2
Swamp:2:  layout_falls_marsh, ebering_ghost_xom, nicolae_swamp_trees_clearing,
          uniq_nikola
Swamp:3:  layout_basic_swamp, evilmike_swamp_ruin_rubble_1, uniq_jorgrun
Swamp:4:  swamp_pestilence, layout_basic_swamp
Snake:1:  layout_layer_cave, serial_shops, bzr_entry_road, basic_altar,
          uniq_aizul
Orc:1:    layout_caves, uniq_harold, uniq_erolcha
Orc:2:    grunt_orc_gardens, layout_caves, grunt_orc_garden, grunt_orc_garden,
          grunt_orc_garden, grunt_orc_garden, nicolae_orc_damp_corner

Skill      XL: |  1  2  3  4  5  6  7  8  9 10 11 12 13 14 15 16 17 |
---------------+----------------------------------------------------+-----
Axes           | 4 5 6 7 9 11 12 14 16 18 19 21 22 | 22.7
Fighting       | 4 5 6 7 9 11 12 14 16 18 19 21 22 | 22.7
Armour         | 3 4 5 |  5.0
Dodging        | 3 4 5 7 8 9 11 | 11.2
Crossbows      | 2 6 |  6.7

Action                   |  1- 3 |  4- 6 |  7- 9 | 10-12 | 13-15 | 16-18 || total
-------------------------+-------+-------+-------+-------+-------+-------++-------
Melee: Hand axe          |    87 |   104 |   225 |       |       |       ||   416
       Headbutt          |     7 |    29 |    80 |   137 |   113 |   248 ||   614
       Battleaxe         |       |       |    22 |   497 |   310 |       ||   829
       Executioner's axe |       |       |       |       |    60 |   753 ||   813
Invok: Berserk           |     1 |       |     7 |     5 |     5 |    10 ||    28
       Trog's Hand       |       |       |     1 |     1 |     3 |     1 ||     6
 Abil: Evoke Flight      |       |       |       |       |       |     1 ||     1
  Use: Scroll            |       |       |     2 |    15 |     6 |    10 ||    33
       Potion            |       |       |       |       |     2 |     3 ||     5
 Stab: Distracted        |       |       |     1 |     1 |       |       ||     2
       Sleeping          |       |       |       |     3 |       |     1 ||     4
       Confused          |       |       |       |       |       |     3 ||     3
  Eat: Chunk             |     3 |     6 |    16 |    33 |    20 |    36 ||   114
       Ration            |       |       |       |       |     1 |     1 ||     2
Armor: Ring mail         |    36 |    23 |    39 |       |       |       ||    98
       Acid dragon scale |       |       |       |   135 |    63 |       ||   198
       Scale mail        |       |       |       |       |    25 |   360 ||   385
Dodge: Dodged            |    42 |    51 |   159 |   422 |   272 |   749 ||  1695
Block: Other             |     3 |    19 |    54 |   105 |    74 |   193 ||   448
       Reflection        |       |       |     9 |     6 |     3 |    20 ||    38
